 Dungeon Crawl Stone Soup version 0.20-a0-214-gb74cb0e (webtiles) character file.

2527 tboon the Cleaver (level 9, -6/82 HPs)
             Began as a Minotaur Fighter on Nov 27, 2016.
             Was a Priest of Okawaru.
             Killed from afar by an electric eel (8 damage)
             ... with a bolt of electricity
             ... on level 7 of the Dungeon.
             The game lasted 00:19:40 (6047 turns).

tboon the Cleaver (Minotaur Fighter)                Turns: 6047, Time: 00:19:41

Health: -6/82      AC: 13    Str: 20    XL:     9   Next: 29%
Magic:  11/11      EV:  2    Int:  7    God:    Okawaru [***...]
Gold:   367        SH:  9    Dex: 12    Spells: 8/8 levels left

rFire  . . .     SeeInvis .     a - +1 war axe
rCold  . . .     Gourm    .     y - +0 chain mail
rNeg   . . .     Faith    .     c - +0 shield
rPois  .         Spirit   .     (helmet restricted)
rElec  .         Reflect  .     o - +0 cloak
rCorr  .         Harm     .     r - +0 pair of gloves
MR     .....                    (no boots)
Stlth  ..........               (no amulet)
                                x - -3 ring of evasion (curse)
                                w - +2 ring of protection

@: no status effects
A: retaliatory headbutt, horns 2
a: Heroism, Renounce Religion


You were on level 7 of the Dungeon.
You worshipped Okawaru.
Okawaru was most pleased with you.
You were not hungry.

You visited 1 branch of the dungeon, and saw 7 of its levels.
You also visited: Sewer.

You collected 367 gold pieces.

Inventory:

Hand Weapons
 a - a +1 war axe (weapon)
 z - a cursed +4 battleaxe
   (You took it off a wight on level 6 of the Dungeon)
 B - a cursed +0 battleaxe
   (You took it off a wight on level 6 of the Dungeon)
Armour
 c - a +0 shield (worn)
 o - a +0 cloak (worn)
   (You found it on level 2 of the Dungeon)
 r - a +0 pair of gloves (worn)
   (You found it on level 3 of the Dungeon)
 y - a +0 chain mail (worn)
   (You found it on level 4 of the Dungeon)
 C - the +1 leather armour of Fun {rN++ Int+4 Stlth-, unknown}
   (You found it on level 6 of the Dungeon)

   It affects your intelligence (+4).
   It greatly protects you from negative energy.
   It makes you less stealthy.
Jewellery
 e - an uncursed ring of protection from magic {unknown}
   (You found it on level 6 of the Dungeon)
 n - a +3 ring of strength {unknown}
   (You found it on level 5 of the Dungeon)
 q - an uncursed ring of wizardry {unknown}
   (You found it on level 4 of the Dungeon)
 w - a +2 ring of protection (left hand)
   (You took it off a kobold on level 3 of the Dungeon)
 x - a cursed -3 ring of evasion (right hand)
   (You found it on level 5 of the Dungeon)
Wands
 h - a wand of lightning (10/15)
   (You found it on level 4 of the Dungeon)
Scrolls
 k - 3 scrolls of identify
 l - a scroll of amnesia
 s - 4 scrolls of teleportation
 u - 3 scrolls of fear
Potions
 b - a potion of curing
 d - a potion of ambrosia
 g - a potion of cancellation
 j - a potion of agility {unknown}
 m - 3 potions of heal wounds
 t - a potion of haste
 v - a potion of magic {unknown}
 A - a potion of flight {unknown}
Comestibles
 f - 3 bread rations
 i - 3 meat rations
 p - 5 fruits
 D - a chunk of flesh


   Skills:
 + Level 8.9 Fighting
 * Level 11.4 Axes
 - Level 3.6 Armour
 - Level 3.6 Shields
 + Level 4.6 Invocations


You had 8 spell levels left.
You didn't know any spells.

Dungeon Overview and Level Annotations

Branches:
Dungeon (7/15)             Temple (0/1) D:7

Altars:
Ashenzari
Cheibriados
Dithmenos
Kikubaaqudgha
Okawaru
Qazlal
Trog
Vehumet
Xom
The Shining One


Innate Abilities, Weirdness & Mutations

You reflexively headbutt those who attack you in melee.
You have a pair of horns on your head.


Message History

You closely miss the bullfrog.
You headbutt the bullfrog, but do no damage.
The bullfrog hits you but does no damage. x2
Your chain mail prevents you from hitting the bullfrog.
Your headbutt misses the bullfrog. You block the bullfrog's attack.
You hit the bullfrog. Your headbutt misses the bullfrog.
The bullfrog is moderately wounded.
The bullfrog hits you but does no damage.
The bullfrog hits you.
You closely miss the bullfrog.
The bullfrog is moderately wounded.
The bullfrog hits you but does no damage.
The bullfrog hits you.
You closely miss the bullfrog. Your headbutt misses the bullfrog.
The bullfrog is moderately wounded.
The bullfrog hits you.
Your shield and chain mail prevent you from hitting the bullfrog.
Your headbutt misses the bullfrog.
The bullfrog is moderately wounded.
The bullfrog hits you but does no damage.
You slash the bullfrog! You headbutt the bullfrog.
The bullfrog is severely wounded.
The bullfrog hits you but does no damage. x2
You barely miss the bullfrog.
The bullfrog is severely wounded.
You block the bullfrog's attack. x2
You slash the bullfrog!
You kill the bullfrog!
Okawaru accepts your kill.
You see here a bullfrog corpse.
You butcher the bullfrog corpse.
D - 2 chunks of flesh You see here a bullfrog skeleton.
You start resting.
HP restored.
Found a staircase to the Ecumenical Temple.
Found a stone staircase leading up.
You now have 367 gold pieces (gained 11).
Eating one of 2 chunks of flesh.
You start eating one of the 2 chunks of flesh.
You are feeling hungry.
This raw flesh tastes terrible.
An ogre comes into view. It is wielding a giant club.
The ogre shouts!
An adder skeleton comes into view.
The ogre hits you with a giant club!
You slash the ogre! You headbutt the ogre.
The ogre is heavily wounded.
The ogre barely misses you.
You slash the ogre!
You kill the ogre!
Okawaru accepts your kill.
You feel your dexterity returning.
The adder skeleton is too close now for your liking.
You slash the adder skeleton!
You destroy the adder skeleton!
Okawaru accepts your kill.
No target in view!
You open the door.
There is an open door here.
An electric eel comes into view.
You see here a flail.
There is an open door here.
As you close the door, it creaks loudly!
You start resting.
HP restored.
You open the door.
The electric eel is too close now for your liking.
An electric eel comes into view.
The electric eel moves out of view.
There is an open door here.
The electric eel shoots out a bolt of lightning at you!
The bolt of electricity hits you!
The electric eel shoots out a bolt of lightning at you!
The bolt of electricity hits you! x2
The electric eel shoots out a bolt of lightning at you!
The bolt of electricity hits you!
An electric eel comes into view.
You closely miss the electric eel. You hit the plant but do no damage.
The electric eel shoots out a bolt of lightning at you!
The bolt of electricity hits the plant. x2; The bolt of electricity hits you!
You slash the electric eel!
You kill the electric eel!
Okawaru accepts your kill.
You hit the plant.
The electric eel shoots out a bolt of lightning at you!
The bolt of electricity hits the plant. x2; The bolt of electricity hits you!
The electric eel shoots out a bolt of lightning at you!
The bolt of electricity hits you!
* * * LOW HITPOINT WARNING * * *
The bolt of electricity hits you!
* * * LOW HITPOINT WARNING * * *
You enter the shallow water.
Moving in this stuff is going to be slow.
The electric eel shoots out a bolt of lightning at you!
The bolt of electricity hits the plant.
The bolt of electricity hits you!
* * * LOW HITPOINT WARNING * * *
The electric eel shoots out a bolt of lightning at you!
The bolt of electricity hits the plant. x2; The bolt of electricity hits you!
You die...

# ...(..........## #
#......#......# #
#.........)...# # ...
#.####.#.##..#...# #
... #........##....#.#
## #.#
######.####......# .#
#.# ##'## ##.....#
.###.# ##..)## .......
..##.### #..@..#
#.....# #.##.#.##
#.♣P≈;♣♣ ......
#..#....# ♣♣≈≈P≈≈≈♣
P♣≈≈.. ......[♣♣
♣≈≈P≈≈≈≈≈P≈≈ ##..#..≈♣
≈≈≈≈♣≈≈≈≈≈≈≈≈
#..##≈≈P≈≈≈≈≈≈≈≈≈≈≈≈≈≈P
##.#♣≈≈≈≈≈P≈≈≈≈≈≈≈≈≈≈≈≈
#.♣♣≈≈≈P;≈P≈≈≈≈≈≈≈≈≈≈≈
#.≈♣≈≈P≈≈≈≈≈≈≈≈≈≈≈≈≈≈≈


You could see 2 electric eels.

Vanquished Creatures
  Duvessa (D:4)
  2 orc warriors (D:6)
  A sky beast (D:5)
  2 black bears (D:6)
  An ice beast (D:7)
  A phantom (D:5)
  2 ogres
  2 bullfrogs
  2 scorpions (D:6)
  Dowan (D:4)
  A howler monkey (D:5)
  5 wights (D:6)
  An electric eel (D:7)
  A bullfrog zombie (D:7)
  Crazy Yiuf (D:4)
  4 hounds
  A centaur skeleton (D:6)
  6 orc wizards
  A quasit (D:7)
  3 orc priests (D:6)
  Jessica (D:3)
  An iguana (D:4)
  5 worker ants
  3 gnolls (D:4)
  Robin (D:4)
  14 adders
  A river rat (Sewer)
  2 shadow imps (D:6)
  An ooze (D:1)
  2 adder skeletons
  3 worms
  4 dart slugs
  6 leopard geckos
  24 orcs
  6 giant cockroaches
  16 goblins
  8 hobgoblins
  12 jackals
  A quokka (D:5)
  9 ball pythons
  10 bats
  7 frilled lizards
  A jackal skeleton (D:5)
  7 kobolds
  A quokka zombie (D:6)
  16 rats
201 creatures vanquished.

Notes
Turn   | Place    | Note
-------+----------+-------------------------------------------
     0 | D:1      | tboon the Minotaur Fighter began the quest for the Orb.
     0 | D:1      | Reached XP level 1. HP: 19/19 MP: 0/0
   113 | D:1      | Reached skill level 3 in Axes
   267 | D:1      | Reached XP level 2. HP: 18/27 MP: 1/1
   588 | D:1      | Reached skill level 4 in Fighting
   660 | D:1      | Reached XP level 3. HP: 33/33 MP: 2/2
   711 | D:1      | Reached skill level 4 in Axes
  1314 | D:2      | Reached XP level 4. HP: 40/40 MP: 3/3
  1442 | D:2      | Found a faded altar of an unknown god.
  1452 | D:2      | Reached skill level 5 in Axes
  1506 | D:2      | Found a stormy altar of Qazlal.
  1692 | D:2      | Reached XP level 5. HP: 47/47 MP: 4/4
  2066 | D:3      | Found a glowing drain.
  2070 | Sewer    | Entered a sewer
  2114 | Sewer    | Reached skill level 5 in Fighting
  2136 | Sewer    | Reached skill level 6 in Axes
  2427 | D:3      | Noticed Jessica
  2429 | D:3      | Killed Jessica
  2658 | D:3      | Reached XP level 6. HP: 19/56 MP: 5/5
  2679 | D:3      | Found a radiant altar of Vehumet.
  2687 | D:3      | Found a shadowy altar of Dithmenos.
  2692 | D:3      | Found a snail-covered altar of Cheibriados.
  2699 | D:3      | Found a shattered altar of Ashenzari.
  2705 | D:3      | Found a shimmering altar of Xom.
  2712 | D:3      | Found an ancient bone altar of Kikubaaqudgha.
  2717 | D:3      | Found a bloodstained altar of Trog.
  2882 | D:3      | Found a glowing golden altar of the Shining One.
  2882 | D:3      | Found an iron altar of Okawaru.
  2889 | D:3      | Became a worshipper of Warmaster Okawaru
  2995 | D:4      | Reached skill level 7 in Axes
  3367 | D:4      | Reached skill level 6 in Fighting
  3604 | D:4      | Noticed Duvessa
  3604 | D:4      | Noticed Dowan
  3605 | D:4      | Noticed Robin
  3607 | D:4      | Killed Dowan
  3613 | D:4      | Killed Duvessa
  3613 | D:4      | Reached * piety under Okawaru
  3613 | D:4      | Reached skill level 8 in Axes
  3613 | D:4      | Reached XP level 7. HP: 48/64 MP: 6/6
  3626 | D:4      | Killed Robin
  3805 | D:4      | Found a runed door.
  3934 | D:4      | Noticed Crazy Yiuf
  3939 | D:4      | Killed Crazy Yiuf
  3988 | D:5      | Entered Level 5 of the Dungeon
  4033 | D:5      | Reached skill level 1 in Invocations
  4054 | D:5      | Reached skill level 9 in Axes
  4190 | D:5      | Reached ** piety under Okawaru
  4190 | D:5      | Reached skill level 7 in Fighting
  4190 | D:5      | Reached skill level 2 in Invocations
  4190 | D:5      | Reached XP level 8. HP: 65/73 MP: 8/8
  4815 | D:6      | Reached skill level 10 in Axes
  4957 | D:6      | Reached skill level 3 in Invocations
  4977 | D:6      | Reached skill level 8 in Fighting
  5279 | D:6      | Reached XP level 9. HP: 82/82 MP: 10/10
  5312 | D:6      | Reached *** piety under Okawaru
  5312 | D:6      | Reached skill level 11 in Axes
  5312 | D:6      | Reached skill level 4 in Invocations
  5486 | D:6      | Got a distressingly furry leather armour
  5904 | D:7      | Found a staircase to the Ecumenical Temple.
  6045 | D:7      | HP: 19/82 [electric eel/bolt of electricity (8)]
  6046 | D:7      | HP: 1/82 [electric eel/bolt of electricity (12)]
  6047 | D:7      | Killed from afar by an electric eel

Vault maps used:
D:1:      dpeg_arrival_refuge, dk_noncrumbling_3, minmay_misc_feat_four_crosses
D:2:      grunt_qazlal_clouds, first_bread, chequers_ecumenical_altar_simple
D:3:      lemuel_upstairs_altar, grunt_temple_overflow_octagram,
          amethyst_overflow_temple_binary, gup_sewer_entry_bowl, uniq_jessica
D:4:      kennysheep_another_room, minmay_misc_feat_x, uniq_robin,
          uniq_crazy_yiuf_cottage, uniq_duvessa
D:7:      serial_bayou, serial_bayou_lagoon_a, serial_bayou_shore_b,
          serial_bayou_lake_a, serial_bayou_pond_a, grunt_ogre_cave
Sewer:    sewer_co_cracked_pipes

Skill      XL: |  1  2  3  4  5  6  7  8  9 |
---------------+----------------------------+-----
Axes           | 3 4 5 6 8 9 10 11 | 11.4
Fighting       | 4 5 6 7 8 |  8.9
Invocations    | 2 3 4 |  4.6
Armour         | |  3.6
Shields        | |  3.6

Action                   |  1- 3 |  4- 6 |  7- 9 || total
-------------------------+-------+-------+-------++-------
Melee: War axe           |   108 |   210 |   248 ||   566
       Headbutt          |    15 |    26 |    47 ||    88
Invok: Heroism           |       |       |     6 ||     6
  Use: Scroll            |       |     8 |     6 ||    14
       Potion            |       |     4 |     1 ||     5
  Eat: Chunk             |     1 |     7 |     8 ||    16
       Pizza             |       |     1 |       ||     1
Armor: Scale mail        |    56 |    78 |       ||   134
       Chain mail        |       |    25 |   129 ||   154
Dodge: Dodged            |    39 |    45 |    14 ||    98
Block: Shield            |    63 |   125 |   113 ||   301

Vault maps used:
D:1:      dpeg_arrival_refuge, dk_noncrumbling_3, minmay_misc_feat_four_crosses
D:2:      grunt_qazlal_clouds, first_bread, chequers_ecumenical_altar_simple
D:3:      lemuel_upstairs_altar, grunt_temple_overflow_octagram,
          amethyst_overflow_temple_binary, gup_sewer_entry_bowl, uniq_jessica
D:4:      kennysheep_another_room, minmay_misc_feat_x, uniq_robin,
          uniq_crazy_yiuf_cottage, uniq_duvessa
D:7:      serial_bayou, serial_bayou_lagoon_a, serial_bayou_shore_b,
          serial_bayou_lake_a, serial_bayou_pond_a, grunt_ogre_cave
Sewer:    sewer_co_cracked_pipes

Table legend:
 A = Turns spent in this place as a percentage of turns spent in the entire game.
 B = Non-inter-level travel turns spent in this place as a percentage of non-inter-level travel turns spent in the entire game.
 C = Inter-level travel turns spent in this place as a percentage of turns spent in this place.
 D = Turns resting spent in this place as a percentage of non-inter-level travel turns spent in this place.
 E = Turns spent auto-exploring this place as a percentage of non-inter-level travel turns spent in this place.
 F = Non-inter-level travel turns spent in this place divided by the number of levels of this place that you've seen.
                   A       B       C       D       E      F
               +-------+-------+-------+-------+-------+----------------------
         Total | 100.0 | 100.0 |   0.4 |   2.9 |  10.9 | 194.0
       Dungeon |  87.3 |  87.2 |   0.5 |   3.3 |  12.3 | 193.4
         Sewer |  12.7 |  12.8 |   0.0 |   0.0 |   1.0 | 198.0
               +-------+-------+-------+-------+-------+----------------------

Table legend:
 A = Kills in this place as a percentage of kills in entire the game.
 B = Kills by you in this place as a percentage of kills by you in the entire game.
 C = Kills by friends in this place as a percentage of kills by friends in the entire game.
 D = Other kills in this place as a percentage of other kills in the entire game.
 E = Experience gained in this place as a percentage of experience gained in the entire game.
 F = Experience gained in this place divided by the number of levels of this place that you have seen.
                   A       B       C       D       E      F
               +-------+-------+-------+-------+-------+----------------------
         Total | 100.0 | 100.0 |  -nan |  -nan | 100.0 | 451.2
       Dungeon |  92.0 |  92.0 |  -nan |  -nan |  98.8 | 509.7
         Sewer |   8.0 |   8.0 |  -nan |  -nan |   1.2 |  42.0
               +-------+-------+-------+-------+-------+----------------------
